[ AOE2 MATCH · #477111347 ]
UnrankedGeorgians vs Malay
[ REPLAY ANALYSIS · EXTRACTED FROM THE RECORDED GAME ]
Feudal
12:14
Castle
15:44
Imperial
—
| APM avg | 28.0 |
| APM peak | 68 |
| eAPM avg | 19.3 |
| Villagers / military | 107 / 2 |
Focus
⚔️ 27.7% · 🌾 72.3%
Fishing Ship ×10 · Monk ×1 · Demolition Raft ×1
Feudal
12:51
Castle
19:16
Imperial
—
| APM avg | 30.9 |
| APM peak | 59 |
| eAPM avg | 17.9 |
| Villagers / military | 96 / 4 |
Focus
⚔️ 26.8% · 🌾 73.2%
Fishing Ship ×5 · Mangonel ×2 · Archer ×1 · Scorpion ×1
Feudal
11:47
Castle
17:05
Imperial
26:29
| APM avg | 32.3 |
| APM peak | 74 |
| eAPM avg | 16.5 |
| Villagers / military | 64 / 30 |
Focus
⚔️ 20.9% · 🌾 79.1%
Battle Elephant ×27 · Fishing Ship ×14 · Trebuchet (Packed) ×2 · Monk ×1
Feudal
11:47
Castle
16:11
Imperial
—
| APM avg | 28.8 |
| APM peak | 69 |
| eAPM avg | 17.0 |
| Villagers / military | 117 / 2 |
Focus
⚔️ 14.3% · 🌾 85.7%
Fishing Ship ×13 · Monk ×1 · Fire Galley ×1
Feudal
10:16
Castle
21:19
Imperial
—
| APM avg | 25.2 |
| APM peak | 46 |
| eAPM avg | 15.9 |
| Villagers / military | 59 / 20 |
Focus
⚔️ 23.5% · 🌾 76.5%
Camel Archer ×14 · Militia ×3 · Skirmisher ×2 · Mangonel ×1
Feudal
11:16
Castle
14:47
Imperial
28:20
| APM avg | 35.2 |
| APM peak | 69 |
| eAPM avg | 24.9 |
| Villagers / military | 133 / 4 |
Focus
⚔️ 26.1% · 🌾 73.9%
Fishing Ship ×31 · Elephant Archer ×2 · Monk ×1 · Mangonel ×1
Feudal
12:17
Castle
15:50
Imperial
27:45
| APM avg | 33.5 |
| APM peak | 86 |
| eAPM avg | 19.3 |
| Villagers / military | 111 / 1 |
Focus
⚔️ 14.7% · 🌾 85.3%
Monk ×1
Feudal
11:03
Castle
16:09
Imperial
—
| APM avg | 28.1 |
| APM peak | 52 |
| eAPM avg | 18.0 |
| Villagers / military | 118 / 6 |
Focus
⚔️ 6.7% · 🌾 93.3%
Boyar ×6 · Fishing Ship ×3
Match map
Initial resources + every placement click. Lines = walls · curves = elevation contours. ◆ gold · ⬟ stone · ● berries · ✦ relic · ◌ wall gap
Your base· ✓ Closed at 15:44 · 1t walls · no gate
Poeta Violento IX's base· ✓ Closed at 19:16 · 83t walls · no gate
KekL_Perce1992's base· Open — opponent sealed themselves in
Alvaro's base· ✓ Closed at 16:11 · 12t walls · no gate
Manu's base· Open — opponent sealed themselves in
Pipin's base· Open — opponent sealed themselves in
Lockerz11's base· ✓ Closed at 15:50 · 0t walls · no gate
云中锦书's base· Open — opponent sealed themselves in
Smoothed initial terrain · ◌ = detected wall gap · hover for details
Inputs per minute
— AJC - - Poeta Violento IX
Build order — AJC
First 150 of 213 actions detected
| 0:01 | Create | Villager (Male) |
| 0:01 | Create | Villager (Male) |
| 0:01 | Create | Villager (Male) |
| 0:02 | Build | House |
| 0:04 | Build | House |
| 0:19 | Create | Villager (Male) |
| 0:19 | Create | Villager (Male) |
| 1:24 | Create | Villager (Male) |
| 1:24 | Create | Villager (Male) |
| 2:07 | Create | Villager (Male) |
| 2:08 | Create | Villager (Male) |
| 2:11 | Create | Villager (Male) |
| 2:11 | Create | Villager (Male) |
| 2:12 | Build | House |
| 2:45 | Create | Villager (Male) |
| 3:20 | Create | Villager (Male) |
| 3:21 | Create | Villager (Male) |
| 3:41 | Build | House |
| 4:05 | Create | Villager (Male) |
| 4:06 | Create | Villager (Male) |
| 4:06 | Create | Villager (Male) |
| 4:54 | Create | Villager (Male) |
| 4:54 | Create | Villager (Male) |
| 5:15 | Create | Villager (Male) |
| 5:16 | Create | Villager (Male) |
| 5:32 | Create | Villager (Male) |
| 5:49 | Build | Mill |
| 5:59 | Build | House |
| 6:08 | Create | Villager (Male) |
| 6:08 | Create | Villager (Male) |
| 6:47 | Research | Loom |
| 6:49 | Create | Villager (Male) |
| 6:50 | Create | Villager (Male) |
| 6:59 | Create | Villager (Male) |
| 7:37 | Build | House |
| 8:19 | Build | Palisade Wall |
| 8:49 | Create | Villager (Male) |
| 8:54 | Create | Villager (Male) |
| 9:01 | Create | Villager (Male) |
| 9:28 | Build | Mule Cart |
| 9:35 | Research | Feudal Age |
| 9:35 | Research | Feudal Age |
| 10:57 | Create | Villager (Male) |
| 10:57 | Create | Villager (Male) |
| 11:15 | Build | Dock |
| 11:57 | Build | House |
| 12:02 | Create | Fishing Ship |
| 12:03 | Create | Fishing Ship |
| 12:06 | Create | Fishing Ship |
| 12:14 | Age | Feudal Age |
| 12:18 | Build | Blacksmith |
| 12:23 | Build | Market |
| 13:04 | Research | Castle Age |
| 13:21 | Research | Double-Bit Axe |
| 13:28 | Create | Fishing Ship |
| 13:39 | Research | Tech 906 |
| 13:56 | Research | Horse Collar |
| 13:56 | Research | Horse Collar |
| 13:58 | Build | Farm |
| 14:00 | Build | Farm |
| 14:01 | Build | Farm |
| 14:03 | Build | Farm |
| 14:05 | Build | Farm |
| 14:05 | Build | Farm |
| 14:55 | Research | Tech 906 |
| 15:38 | Create | Villager (Male) |
| 15:44 | Age | Castle Age |
| 15:47 | Build | Town Center |
| 16:07 | Create | Villager (Male) |
| 16:24 | Build | Town Center |
| 16:36 | Create | Villager (Male) |
| 16:37 | Create | Villager (Male) |
| 16:40 | Build | House |
| 16:42 | Build | House |
| 16:46 | Create | Demolition Raft |
| 16:51 | Create | Fishing Ship |
| 16:54 | Create | Villager (Male) |
| 16:54 | Create | Villager (Male) |
| 17:04 | Create | Villager (Male) |
| 17:09 | Research | Bow Saw |
| 17:20 | Create | Villager (Male) |
| 17:20 | Create | Villager (Male) |
| 17:37 | Research | Heavy Plow |
| 17:51 | Build | Farm |
| 17:52 | Build | Farm |
| 17:56 | Build | Farm |
| 18:00 | Build | Farm |
| 18:04 | Create | Villager (Male) |
| 18:04 | Create | Villager (Male) |
| 18:08 | Build | Farm |
| 18:13 | Build | Farm |
| 18:14 | Build | Farm |
| 18:20 | Create | Villager (Male) |
| 18:22 | Build | Farm |
| 18:23 | Build | Farm |
| 18:38 | Create | Villager (Male) |
| 18:40 | Create | Fishing Ship |
| 18:41 | Create | Villager (Male) |
| 18:42 | Create | Villager (Male) |
| 18:54 | Build | House |
| 18:55 | Build | House |
| 19:01 | Build | Farm |
| 19:02 | Build | Farm |
| 19:03 | Build | Farm |
| 19:06 | Build | Farm |
| 19:08 | Build | Farm |
| 19:09 | Create | Villager (Male) |
| 19:09 | Create | Villager (Male) |
| 19:10 | Create | Villager (Male) |
| 19:10 | Create | Villager (Male) |
| 19:22 | Create | Villager (Male) |
| 19:22 | Create | Villager (Male) |
| 19:22 | Create | Villager (Male) |
| 19:24 | Create | Villager (Male) |
| 19:36 | Build | Mule Cart |
| 19:46 | Build | Monastery |
| 19:52 | Create | Villager (Male) |
| 19:52 | Create | Villager (Male) |
| 19:55 | Create | Villager (Male) |
| 19:55 | Create | Villager (Male) |
| 20:00 | Create | Villager (Male) |
| 20:00 | Create | Villager (Male) |
| 20:11 | Create | Villager (Male) |
| 20:11 | Create | Villager (Male) |
| 20:23 | Build | Monastery |
| 20:25 | Create | Villager (Male) |
| 20:25 | Create | Villager (Male) |
| 20:28 | Build | House |
| 20:29 | Build | House |
| 20:30 | Create | Villager (Male) |
| 20:31 | Create | Villager (Male) |
| 20:35 | Create | Monk |
| 20:42 | Create | Villager (Male) |
| 20:42 | Create | Villager (Male) |
| 20:51 | Create | Villager (Male) |
| 20:51 | Create | Villager (Male) |
| 21:05 | Create | Villager (Male) |
| 21:05 | Create | Villager (Male) |
| 21:10 | Build | Fish Trap |
| 21:14 | Build | Fish Trap |
| 21:16 | Build | Fish Trap |
| 21:20 | Build | Fish Trap |
| 21:22 | Build | Fish Trap |
| 21:24 | Create | Villager (Male) |
| 21:24 | Create | Villager (Male) |
| 21:36 | Build | Town Center |
| 21:37 | Create | Villager (Male) |
| 21:37 | Create | Villager (Male) |
| 21:53 | Create | Villager (Male) |
| 21:53 | Create | Villager (Male) |
Build order — Poeta Violento IX
First 150 of 204 actions detected
| 0:01 | Create | Villager (Male) |
| 0:01 | Create | Villager (Male) |
| 0:14 | Create | Villager (Male) |
| 0:15 | Create | Villager (Male) |
| 0:15 | Create | Villager (Male) |
| 0:40 | Create | Villager (Male) |
| 0:45 | Create | Villager (Male) |
| 0:45 | Create | Villager (Male) |
| 1:01 | Research | Loom |
| 1:01 | Create | Villager (Male) |
| 1:01 | Create | Villager (Male) |
| 1:13 | Build | Palisade Wall |
| 1:16 | Build | Palisade Wall |
| 1:26 | Create | Villager (Male) |
| 1:26 | Create | Villager (Male) |
| 2:13 | Create | Villager (Male) |
| 2:13 | Create | Villager (Male) |
| 2:49 | Create | Villager (Male) |
| 2:49 | Create | Villager (Male) |
| 3:34 | Build | Lumber Camp |
| 3:39 | Create | Villager (Male) |
| 3:39 | Create | Villager (Male) |
| 4:19 | Create | Villager (Male) |
| 4:19 | Create | Villager (Male) |
| 4:51 | Create | Villager (Male) |
| 4:51 | Create | Villager (Male) |
| 5:01 | Create | Villager (Male) |
| 5:01 | Create | Villager (Male) |
| 5:18 | Create | Villager (Male) |
| 5:18 | Create | Villager (Male) |
| 5:41 | Build | Dock |
| 5:49 | Create | Villager (Male) |
| 5:49 | Create | Villager (Male) |
| 6:31 | Create | Villager (Male) |
| 6:31 | Create | Villager (Male) |
| 6:33 | Create | Fishing Ship |
| 6:52 | Create | Villager (Male) |
| 6:52 | Create | Villager (Male) |
| 6:52 | Create | Villager (Male) |
| 7:31 | Create | Villager (Male) |
| 7:31 | Create | Villager (Male) |
| 7:38 | Create | Fishing Ship |
| 7:55 | Create | Villager (Male) |
| 7:56 | Create | Villager (Male) |
| 8:06 | Build | Mill |
| 8:14 | Create | Villager (Male) |
| 8:14 | Create | Villager (Male) |
| 8:57 | Create | Villager (Male) |
| 8:58 | Create | Villager (Male) |
| 9:03 | Build | Mill |
| 9:28 | Build | Palisade Wall |
| 9:30 | Build | Palisade Wall |
| 9:31 | Build | Palisade Wall |
| 9:36 | Create | Villager (Male) |
| 10:04 | Create | Villager (Male) |
| 10:23 | Research | Feudal Age |
| 10:23 | Research | Feudal Age |
| 10:29 | Build | Mining Camp |
| 11:06 | Build | Palisade Wall |
| 11:07 | Build | Palisade Wall |
| 11:08 | Build | Palisade Wall |
| 11:09 | Build | Palisade Wall |
| 11:14 | Create | Villager (Male) |
| 11:35 | Build | Palisade Wall |
| 11:36 | Build | Palisade Wall |
| 11:37 | Build | Palisade Wall |
| 11:38 | Build | Palisade Wall |
| 11:42 | Build | Palisade Wall |
| 11:43 | Build | Palisade Wall |
| 11:44 | Build | Palisade Wall |
| 11:45 | Build | Palisade Wall |
| 11:46 | Build | Palisade Wall |
| 11:46 | Build | Palisade Wall |
| 12:31 | Build | Barracks |
| 12:38 | Create | Villager (Male) |
| 12:38 | Create | Villager (Male) |
| 12:50 | Build | Palisade Wall |
| 12:51 | Age | Feudal Age |
| 12:53 | Build | Palisade Wall |
| 13:02 | Build | Stone Wall |
| 13:10 | Build | Stone Wall |
| 13:12 | Research | Double-Bit Axe |
| 13:40 | Create | Villager (Male) |
| 13:42 | Create | Villager (Male) |
| 13:47 | Build | Mining Camp |
| 13:48 | Create | Villager (Male) |
| 14:00 | Build | Stone Wall |
| 14:01 | Build | Stone Wall |
| 14:01 | Build | Stone Wall |
| 14:02 | Build | Stone Wall |
| 14:02 | Build | Stone Wall |
| 14:03 | Build | Stone Wall |
| 14:04 | Build | Stone Wall |
| 14:05 | Build | Stone Wall |
| 14:12 | Create | Villager (Male) |
| 15:00 | Build | Farm |
| 15:07 | Build | Blacksmith |
| 15:18 | Build | Farm |
| 15:19 | Build | Farm |
| 15:49 | Create | Villager (Male) |
| 16:07 | Build | Archery Range |
| 16:21 | Build | Stone Wall |
| 16:21 | Build | Stone Wall |
| 16:22 | Build | Stone Wall |
| 16:23 | Build | Stone Wall |
| 16:23 | Build | Stone Wall |
| 16:24 | Build | Stone Wall |
| 16:25 | Build | Stone Wall |
| 16:26 | Build | Stone Wall |
| 16:27 | Build | Stone Wall |
| 16:27 | Build | Stone Wall |
| 16:28 | Build | Stone Wall |
| 16:31 | Build | Stone Wall |
| 16:36 | Research | Castle Age |
| 16:37 | Research | Castle Age |
| 16:49 | Build | Lumber Camp |
| 16:59 | Create | Archer |
| 17:30 | Research | Horse Collar |
| 17:39 | Create | Fishing Ship |
| 18:07 | Build | Farm |
| 18:10 | Build | Farm |
| 18:12 | Build | Farm |
| 18:31 | Build | Fish Trap |
| 18:35 | Create | Fishing Ship |
| 18:41 | Build | Fish Trap |
| 18:44 | Create | Villager (Male) |
| 18:44 | Create | Villager (Male) |
| 19:02 | Create | Villager (Male) |
| 19:16 | Age | Castle Age |
| 19:21 | Research | Town Watch |
| 19:40 | Build | Siege Workshop |
| 19:52 | Build | Outpost |
| 20:04 | Create | Villager (Male) |
| 20:07 | Build | Town Center |
| 20:14 | Build | Town Center |
| 20:30 | Research | Bow Saw |
| 20:31 | Create | Villager (Male) |
| 20:32 | Create | Villager (Male) |
| 20:34 | Build | Farm |
| 20:44 | Build | Fish Trap |
| 20:50 | Create | Scorpion |
| 20:53 | Create | Mangonel |
| 20:56 | Create | Villager (Male) |
| 20:56 | Create | Villager (Male) |
| 20:57 | Create | Villager (Male) |
| 21:04 | Build | Farm |
| 21:18 | Create | Villager (Male) |
| 21:18 | Create | Villager (Male) |
| 21:23 | Create | Villager (Male) |
| 21:24 | Create | Villager (Male) |
Build order — KekL_Perce1992
First 150 of 180 actions detected
| 0:01 | Create | Villager (Male) |
| 0:01 | Create | Villager (Male) |
| 0:01 | Create | Villager (Male) |
| 0:01 | Create | Villager (Male) |
| 0:02 | Create | Villager (Male) |
| 0:03 | Build | House |
| 0:05 | Build | House |
| 0:17 | Research | Loom |
| 0:18 | Create | Villager (Male) |
| 0:18 | Create | Villager (Male) |
| 0:18 | Create | Villager (Male) |
| 0:18 | Create | Villager (Male) |
| 1:27 | Build | Palisade Wall |
| 1:52 | Create | Villager (Male) |
| 1:53 | Create | Villager (Male) |
| 2:25 | Build | Lumber Camp |
| 2:32 | Create | Villager (Male) |
| 2:33 | Create | Villager (Male) |
| 3:06 | Create | Villager (Male) |
| 3:07 | Create | Villager (Male) |
| 3:46 | Create | Villager (Male) |
| 4:08 | Create | Villager (Male) |
| 4:08 | Create | Villager (Male) |
| 4:16 | Build | House |
| 4:18 | Build | Palisade Wall |
| 4:28 | Create | Villager (Male) |
| 4:48 | Create | Villager (Male) |
| 5:22 | Create | Villager (Male) |
| 5:23 | Create | Villager (Male) |
| 5:43 | Create | Villager (Male) |
| 5:53 | Create | Villager (Male) |
| 6:14 | Build | House |
| 6:44 | Create | Villager (Male) |
| 6:49 | Build | House |
| 7:04 | Create | Villager (Male) |
| 7:13 | Build | Dock |
| 7:19 | Build | House |
| 7:26 | Build | House |
| 7:27 | Build | Palisade Wall |
| 7:28 | Create | Villager (Male) |
| 7:35 | Create | Villager (Male) |
| 7:48 | Create | Villager (Male) |
| 8:04 | Create | Villager (Male) |
| 8:18 | Build | Mill |
| 8:28 | Create | Villager (Male) |
| 9:14 | Create | Fishing Ship |
| 9:14 | Create | Fishing Ship |
| 9:21 | Create | Villager (Male) |
| 10:03 | Create | Villager (Male) |
| 10:25 | Research | Feudal Age |
| 10:37 | Create | Fishing Ship |
| 10:37 | Create | Fishing Ship |
| 10:50 | Build | Mining Camp |
| 10:52 | Create | Villager (Male) |
| 11:47 | Age | Feudal Age |
| 11:51 | Build | Blacksmith |
| 12:00 | Create | Villager (Male) |
| 12:09 | Build | Market |
| 12:36 | Create | Villager (Male) |
| 12:44 | Build | Stone Wall |
| 12:47 | Build | Stone Wall |
| 12:51 | Create | Villager (Male) |
| 12:57 | Build | Mining Camp |
| 13:26 | Create | Villager (Male) |
| 13:32 | Create | Fishing Ship |
| 13:47 | Create | Fishing Ship |
| 13:52 | Research | Wheelbarrow |
| 13:59 | Build | Farm |
| 14:30 | Build | Farm |
| 14:32 | Build | Farm |
| 14:57 | Build | Farm |
| 14:59 | Build | Farm |
| 15:01 | Build | Farm |
| 15:13 | Build | Farm |
| 15:29 | Research | Castle Age |
| 15:29 | Research | Castle Age |
| 15:53 | Build | Outpost |
| 15:57 | Build | Outpost |
| 16:03 | Build | Fish Trap |
| 16:16 | Build | Fish Trap |
| 16:20 | Build | Fish Trap |
| 16:33 | Build | Fish Trap |
| 16:58 | Research | Town Watch |
| 17:01 | Create | Villager (Male) |
| 17:01 | Create | Villager (Male) |
| 17:05 | Age | Castle Age |
| 17:11 | Build | House |
| 17:26 | Create | Fishing Ship |
| 17:26 | Create | Fishing Ship |
| 17:41 | Build | House |
| 17:44 | Create | Villager (Male) |
| 18:04 | Build | Monastery |
| 18:05 | Create | Villager (Male) |
| 18:10 | Build | Fish Trap |
| 18:13 | Create | Villager (Male) |
| 18:51 | Build | Fish Trap |
| 18:57 | Create | Monk |
| 18:59 | Build | House |
| 19:00 | Build | House |
| 19:02 | Create | Villager (Male) |
| 19:20 | Build | Siege Workshop |
| 19:21 | Create | Villager (Male) |
| 19:36 | Create | Villager (Male) |
| 19:37 | Create | Villager (Male) |
| 19:53 | Build | Lumber Camp |
| 20:00 | Build | House |
| 20:01 | Build | House |
| 20:02 | Create | Villager (Male) |
| 20:30 | Research | Double-Bit Axe |
| 21:05 | Build | Barracks |
| 21:07 | Create | Villager (Male) |
| 21:12 | Build | Castle |
| 21:18 | Build | House |
| 21:19 | Build | House |
| 21:20 | Create | Fishing Ship |
| 21:21 | Create | Fishing Ship |
| 21:22 | Create | Villager (Male) |
| 21:30 | Research | Bow Saw |
| 21:50 | Create | Fishing Ship |
| 21:52 | Create | Villager (Male) |
| 22:03 | Build | Fish Trap |
| 22:06 | Build | Farm |
| 22:23 | Create | Villager (Male) |
| 22:23 | Create | Villager (Male) |
| 22:33 | Build | Stable |
| 22:35 | Create | Villager (Male) |
| 22:35 | Create | Villager (Male) |
| 22:38 | Build | Farm |
| 22:51 | Build | Fish Trap |
| 22:57 | Create | Villager (Male) |
| 23:05 | Build | Farm |
| 23:08 | Research | Horse Collar |
| 23:17 | Create | Fishing Ship |
| 23:30 | Build | Farm |
| 23:38 | Build | Farm |
| 23:49 | Create | Fishing Ship |
| 23:50 | Research | Tech 906 |
| 24:03 | Build | Stable |
| 24:10 | Build | Fish Trap |
| 24:25 | Research | Imperial Age |
| 24:39 | Research | Scale Barding Armor |
| 24:49 | Build | Stable |
| 24:50 | Build | Stable |
| 24:59 | Build | Fish Trap |
| 25:13 | Create | Fishing Ship |
| 25:17 | Research | Gillnets |
| 25:21 | Research | Husbandry |
| 25:26 | Research | Forging |
| 25:36 | Create | Villager (Male) |
| 25:36 | Create | Villager (Male) |
Build order — Alvaro
First 150 of 251 actions detected
| 0:01 | Create | Villager (Male) |
| 0:01 | Create | Villager (Male) |
| 0:03 | Build | House |
| 0:04 | Build | House |
| 0:22 | Research | Loom |
| 0:23 | Create | Villager (Male) ×3 |
| 0:23 | Create | Villager (Male) ×3 |
| 0:23 | Create | Villager (Male) ×3 |
| 0:33 | Build | Mill |
| 1:57 | Build | Palisade Wall |
| 2:08 | Create | Villager (Male) |
| 2:08 | Create | Villager (Male) |
| 2:36 | Create | Villager (Male) |
| 2:37 | Create | Villager (Male) |
| 3:02 | Create | Villager (Male) |
| 3:02 | Create | Villager (Male) |
| 3:28 | Create | Villager (Male) |
| 3:28 | Create | Villager (Male) |
| 3:55 | Create | Villager (Male) |
| 3:55 | Create | Villager (Male) |
| 4:23 | Create | Villager (Male) |
| 4:24 | Create | Villager (Male) |
| 4:29 | Build | House |
| 4:44 | Create | Villager (Male) |
| 4:44 | Create | Villager (Male) |
| 4:45 | Create | Villager (Male) |
| 5:01 | Build | House |
| 5:03 | Create | Villager (Male) |
| 5:03 | Create | Villager (Male) |
| 5:45 | Build | Lumber Camp |
| 5:47 | Create | Villager (Male) |
| 6:03 | Create | Villager (Male) |
| 6:03 | Create | Villager (Male) |
| 6:46 | Create | Villager (Male) |
| 7:23 | Create | Villager (Male) |
| 7:23 | Create | Villager (Male) |
| 7:24 | Create | Villager (Male) |
| 8:35 | Create | Villager (Male) |
| 8:35 | Create | Villager (Male) |
| 9:08 | Build | Mining Camp |
| 9:31 | Create | Villager (Male) |
| 9:37 | Research | Feudal Age |
| 9:37 | Research | Feudal Age |
| 9:38 | Research | Feudal Age |
| 9:53 | Build | House |
| 9:55 | Build | House |
| 10:06 | Build | Dock |
| 10:55 | Build | Dock |
| 11:35 | Create | Villager (Male) |
| 11:35 | Create | Villager (Male) |
| 11:36 | Create | Villager (Male) |
| 11:47 | Age | Feudal Age |
| 11:48 | Create | Fishing Ship |
| 11:48 | Create | Fishing Ship |
| 11:52 | Build | Blacksmith |
| 11:57 | Build | Market |
| 12:44 | Create | Villager (Male) |
| 13:18 | Create | Fishing Ship |
| 13:20 | Create | Fishing Ship |
| 13:31 | Research | Castle Age |
| 13:31 | Research | Castle Age |
| 13:39 | Build | House |
| 13:40 | Build | House |
| 14:46 | Research | Horse Collar |
| 14:47 | Research | Double-Bit Axe |
| 14:53 | Build | House |
| 14:56 | Create | Fishing Ship |
| 15:18 | Build | Lumber Camp |
| 15:25 | Build | House |
| 15:55 | Build | Farm |
| 15:57 | Build | Farm |
| 16:00 | Build | Farm |
| 16:02 | Build | Farm |
| 16:07 | Create | Villager (Male) |
| 16:07 | Create | Villager (Male) |
| 16:11 | Age | Castle Age |
| 16:39 | Build | Town Center |
| 16:53 | Create | Villager (Male) |
| 16:53 | Create | Villager (Male) |
| 17:22 | Build | Stone Wall |
| 17:25 | Build | Gate |
| 17:27 | Create | Villager (Male) |
| 17:27 | Create | Villager (Male) |
| 17:49 | Build | Town Center |
| 17:54 | Research | Bow Saw |
| 17:55 | Research | Heavy Plow |
| 17:58 | Create | Villager (Male) |
| 17:58 | Create | Villager (Male) |
| 18:20 | Create | Villager (Male) |
| 18:21 | Create | Villager (Male) |
| 18:23 | Build | Farm |
| 18:34 | Create | Villager (Male) |
| 18:34 | Create | Villager (Male) |
| 18:50 | Build | Farm |
| 18:58 | Build | Fish Trap |
| 19:02 | Build | Fish Trap |
| 19:07 | Build | Fish Trap |
| 19:14 | Create | Villager (Male) |
| 19:15 | Create | Villager (Male) |
| 19:16 | Build | Farm |
| 19:21 | Build | Mining Camp |
| 19:33 | Build | House |
| 19:34 | Build | House |
| 19:35 | Build | House |
| 19:39 | Build | Farm |
| 19:40 | Create | Villager (Male) |
| 19:40 | Create | Villager (Male) |
| 19:56 | Create | Fishing Ship |
| 19:57 | Create | Villager (Male) |
| 20:00 | Build | Farm |
| 20:09 | Create | Villager (Male) |
| 20:09 | Create | Villager (Male) |
| 20:10 | Create | Villager (Male) |
| 20:13 | Build | Farm |
| 20:15 | Build | Farm |
| 20:17 | Build | Farm |
| 20:20 | Build | Farm |
| 20:21 | Create | Villager (Male) |
| 20:21 | Create | Villager (Male) |
| 20:25 | Create | Villager (Male) |
| 20:26 | Create | Villager (Male) |
| 20:34 | Build | Farm |
| 20:34 | Create | Villager (Male) |
| 20:35 | Create | Villager (Male) |
| 20:35 | Create | Villager (Male) |
| 20:41 | Build | Fish Trap |
| 20:47 | Build | Fish Trap |
| 20:50 | Create | Fishing Ship |
| 20:50 | Create | Villager (Male) |
| 20:51 | Create | Villager (Male) |
| 21:02 | Build | Farm |
| 21:04 | Build | House |
| 21:05 | Build | House |
| 21:09 | Build | Farm |
| 21:13 | Build | Monastery |
| 21:15 | Create | Villager (Male) |
| 21:15 | Create | Villager (Male) |
| 21:34 | Build | Farm |
| 21:35 | Create | Villager (Male) |
| 21:35 | Create | Villager (Male) |
| 21:36 | Create | Villager (Male) |
| 21:41 | Build | Fish Trap |
| 21:44 | Build | Fish Trap |
| 21:48 | Create | Fishing Ship |
| 21:50 | Create | Villager (Male) |
| 21:50 | Create | Villager (Male) |
| 21:53 | Build | Farm |
| 22:01 | Create | Villager (Male) |
| 22:01 | Create | Villager (Male) |
| 22:04 | Create | Monk |
Build order — Manu
144 actions detected in the replay
| 0:01 | Create | Villager (Male) |
| 0:01 | Create | Villager (Male) |
| 0:02 | Build | House |
| 0:03 | Build | House |
| 0:27 | Create | Villager (Male) |
| 0:38 | Create | Villager (Male) |
| 1:24 | Create | Villager (Male) |
| 1:53 | Build | Lumber Camp |
| 2:04 | Create | Villager (Male) |
| 2:27 | Create | Villager (Male) |
| 2:52 | Create | Villager (Male) |
| 3:20 | Create | Villager (Male) |
| 3:38 | Create | Villager (Male) |
| 3:38 | Create | Villager (Male) |
| 4:15 | Create | Villager (Male) |
| 4:22 | Create | Villager (Male) |
| 4:37 | Create | Villager (Male) |
| 4:44 | Build | House |
| 4:47 | Research | Loom |
| 5:04 | Create | Villager (Male) |
| 5:07 | Create | Villager (Male) |
| 5:09 | Build | House |
| 5:19 | Create | Villager (Male) |
| 5:42 | Create | Villager (Male) |
| 6:01 | Create | Villager (Male) |
| 6:37 | Build | Barracks |
| 7:08 | Create | Villager (Male) |
| 7:50 | Build | Mill |
| 8:06 | Research | Feudal Age |
| 8:06 | Research | Feudal Age |
| 8:54 | Create | Militia |
| 9:09 | Create | Militia |
| 9:45 | Create | Militia |
| 9:51 | Build | Mining Camp |
| 9:58 | Create | Villager (Male) |
| 10:00 | Build | Mill |
| 10:03 | Create | Villager (Male) |
| 10:16 | Age | Feudal Age |
| 10:18 | Build | House |
| 10:42 | Create | Villager (Male) |
| 10:55 | Create | Villager (Male) |
| 11:02 | Research | Double-Bit Axe |
| 11:02 | Research | Double-Bit Axe |
| 11:15 | Create | Villager (Male) |
| 11:22 | Build | Watch Tower |
| 11:45 | Research | Horse Collar |
| 12:04 | Create | Villager (Male) |
| 12:07 | Build | Farm |
| 12:09 | Build | Farm |
| 12:12 | Build | Farm |
| 12:15 | Build | Farm |
| 12:28 | Research | Arson |
| 12:29 | Create | Villager (Male) |
| 12:32 | Build | Farm |
| 12:37 | Build | Farm |
| 12:58 | Build | House |
| 13:06 | Research | Man-at-Arms (upgrade) |
| 13:12 | Create | Villager (Male) |
| 13:15 | Build | Farm |
| 13:18 | Create | Villager (Male) |
| 13:35 | Build | Palisade Wall |
| 13:53 | Build | Farm |
| 13:56 | Build | Farm |
| 13:57 | Create | Villager (Male) |
| 14:13 | Create | Villager (Male) |
| 14:29 | Build | Farm |
| 14:47 | Create | Villager (Male) |
| 14:51 | Build | Farm |
| 15:32 | Create | Villager (Male) |
| 15:35 | Research | Wheelbarrow |
| 15:51 | Build | Farm |
| 15:54 | Build | Farm |
| 16:04 | Build | Mining Camp |
| 16:24 | Build | Lumber Camp |
| 16:49 | Create | Villager (Male) |
| 17:09 | Build | Blacksmith |
| 17:35 | Create | Villager (Male) |
| 17:54 | Build | Archery Range |
| 18:10 | Create | Villager (Male) |
| 18:17 | Build | House |
| 18:39 | Research | Castle Age |
| 18:43 | Research | Stone Mining |
| 18:48 | Research | Gold Mining |
| 18:56 | Create | Skirmisher |
| 18:58 | Research | Fletching |
| 19:05 | Build | House |
| 19:12 | Create | Villager (Male) |
| 19:24 | Create | Skirmisher |
| 19:28 | Build | House |
| 19:37 | Build | Outpost |
| 19:52 | Create | Villager (Male) |
| 20:10 | Create | Villager (Male) |
| 20:32 | Create | Villager (Male) |
| 21:00 | Build | House |
| 21:19 | Age | Castle Age |
| 21:30 | Create | Villager (Male) |
| 21:31 | Create | Villager (Male) |
| 21:34 | Build | Castle |
| 21:38 | Create | Villager (Male) |
| 21:45 | Create | Villager (Male) |
| 21:49 | Build | University |
| 22:12 | Build | Mining Camp |
| 22:32 | Build | Siege Workshop |
| 22:34 | Create | Camel Archer |
| 22:49 | Create | Camel Archer |
| 23:24 | Create | Villager (Male) |
| 23:25 | Create | Villager (Male) |
| 23:30 | Research | Gold Shaft Mining |
| 23:34 | Create | Mangonel |
| 23:39 | Create | Camel Archer |
| 23:49 | Create | Villager (Male) |
| 23:55 | Research | Bow Saw |
| 23:57 | Create | Villager (Male) |
| 23:59 | Research | Heavy Plow |
| 24:00 | Create | Villager (Male) |
| 24:02 | Create | Camel Archer |
| 24:14 | Research | Bodkin Arrow |
| 24:15 | Create | Villager (Male) |
| 24:17 | Create | Villager (Male) |
| 24:21 | Build | Farm |
| 25:15 | Create | Camel Archer |
| 25:16 | Create | Camel Archer |
| 25:55 | Create | Camel Archer |
| 26:01 | Create | Villager (Male) |
| 26:03 | Create | Villager (Male) |
| 26:05 | Build | Stable |
| 26:10 | Create | Camel Archer |
| 26:27 | Research | Ballistics |
| 26:28 | Create | Villager (Male) |
| 26:43 | Create | Camel Archer |
| 26:43 | Create | Camel Archer |
| 27:00 | Research | Husbandry |
| 27:01 | Research | Bloodlines |
| 27:04 | Create | Villager (Male) |
| 27:06 | Research | Padded Archer Armor |
| 27:07 | Create | Villager (Male) |
| 27:07 | Create | Villager (Male) |
| 27:09 | Create | Camel Archer |
| 27:10 | Create | Camel Archer |
| 27:10 | Create | Camel Archer |
| 27:16 | Create | Villager (Male) |
| 27:33 | Create | Villager (Male) |
| 27:44 | Create | Camel Archer |
| 28:23 | Research | Thumb Ring |
Build order — Pipin
First 150 of 336 actions detected
| 0:01 | Create | Villager (Male) |
| 0:01 | Create | Villager (Male) |
| 0:02 | Build | House |
| 0:04 | Build | House |
| 0:13 | Create | Villager (Male) |
| 0:13 | Create | Villager (Male) |
| 1:26 | Create | Villager (Male) |
| 1:27 | Create | Villager (Male) |
| 1:56 | Build | Lumber Camp |
| 2:08 | Create | Villager (Male) |
| 2:08 | Create | Villager (Male) |
| 2:32 | Create | Villager (Male) |
| 2:32 | Create | Villager (Male) |
| 2:32 | Create | Villager (Male) |
| 2:57 | Create | Villager (Male) |
| 2:58 | Create | Villager (Male) |
| 3:11 | Build | House |
| 3:15 | Create | Villager (Male) |
| 3:15 | Create | Villager (Male) |
| 3:48 | Create | Villager (Male) |
| 3:49 | Create | Villager (Male) |
| 3:49 | Create | Villager (Male) |
| 4:14 | Create | Villager (Male) |
| 4:26 | Build | Dock |
| 4:43 | Create | Villager (Male) |
| 4:43 | Create | Villager (Male) |
| 5:06 | Create | Villager (Male) |
| 5:21 | Create | Villager (Male) |
| 5:25 | Build | House |
| 5:47 | Build | Palisade Gate |
| 6:11 | Create | Villager (Male) |
| 6:11 | Create | Villager (Male) |
| 6:11 | Create | Fishing Ship |
| 6:31 | Build | House |
| 6:35 | Create | Fishing Ship |
| 6:36 | Create | Villager (Male) |
| 6:45 | Build | House |
| 6:59 | Create | Villager (Male) |
| 7:35 | Create | Villager (Male) |
| 7:47 | Create | Fishing Ship |
| 8:12 | Create | Villager (Male) |
| 8:24 | Build | Mill |
| 8:41 | Create | Villager (Male) |
| 9:04 | Research | Feudal Age |
| 9:04 | Research | Feudal Age |
| 9:20 | Create | Fishing Ship |
| 10:37 | Create | Villager (Male) |
| 10:37 | Create | Villager (Male) |
| 11:16 | Age | Feudal Age |
| 11:20 | Build | Market |
| 11:22 | Build | Blacksmith |
| 12:07 | Research | Castle Age |
| 12:08 | Research | Castle Age |
| 12:11 | Build | Lumber Camp |
| 12:14 | Create | Fishing Ship |
| 12:29 | Build | House |
| 12:30 | Build | House |
| 12:30 | Build | House |
| 12:45 | Research | Double-Bit Axe |
| 12:45 | Research | Double-Bit Axe |
| 12:58 | Build | House |
| 13:04 | Build | Fish Trap |
| 13:08 | Create | Fishing Ship |
| 13:20 | Build | Fish Trap |
| 13:49 | Create | Villager (Male) |
| 13:54 | Build | Fish Trap |
| 14:47 | Age | Castle Age |
| 14:49 | Build | Town Center |
| 14:52 | Build | Town Center |
| 14:56 | Research | Tech 906 |
| 14:57 | Research | Tech 906 |
| 15:01 | Create | Villager (Male) |
| 15:18 | Create | Villager (Male) |
| 15:27 | Build | Fish Trap |
| 15:37 | Build | Fish Trap |
| 15:37 | Create | Fishing Ship |
| 15:43 | Create | Villager (Male) |
| 16:07 | Build | Dock |
| 16:09 | Create | Villager (Male) |
| 16:11 | Create | Villager (Male) |
| 16:11 | Create | Villager (Male) |
| 16:14 | Create | Fishing Ship |
| 16:16 | Create | Villager (Male) |
| 16:16 | Create | Villager (Male) |
| 16:18 | Create | Villager (Male) |
| 16:18 | Create | Villager (Male) |
| 16:23 | Build | Fish Trap |
| 16:32 | Build | Fish Trap |
| 16:36 | Create | Villager (Male) |
| 16:48 | Create | Villager (Male) |
| 16:48 | Create | Villager (Male) |
| 16:50 | Create | Villager (Male) |
| 16:51 | Create | Fishing Ship |
| 16:53 | Build | House |
| 16:53 | Create | Fishing Ship |
| 16:55 | Create | Fishing Ship |
| 17:02 | Build | Fish Trap |
| 17:10 | Create | Villager (Male) |
| 17:16 | Research | Horse Collar |
| 17:16 | Research | Horse Collar |
| 17:16 | Research | Horse Collar |
| 17:21 | Build | House |
| 17:22 | Create | Villager (Male) |
| 17:27 | Build | Monastery |
| 17:40 | Build | Mining Camp |
| 17:41 | Build | Fish Trap |
| 17:42 | Create | Fishing Ship |
| 17:43 | Create | Fishing Ship |
| 17:43 | Create | Villager (Male) |
| 17:50 | Build | House |
| 17:51 | Build | House |
| 17:58 | Build | Fish Trap |
| 17:59 | Create | Villager (Male) |
| 18:00 | Create | Villager (Male) |
| 18:00 | Create | Villager (Male) |
| 18:20 | Build | Mining Camp |
| 18:21 | Create | Fishing Ship |
| 18:21 | Create | Fishing Ship |
| 18:21 | Create | Fishing Ship |
| 18:32 | Build | Fish Trap |
| 18:34 | Build | Fish Trap |
| 18:35 | Create | Villager (Male) |
| 18:35 | Create | Villager (Male) |
| 18:35 | Create | Villager (Male) |
| 18:36 | Create | Villager (Male) |
| 18:38 | Create | Villager (Male) |
| 18:38 | Create | Villager (Male) |
| 18:39 | Create | Villager (Male) |
| 18:39 | Create | Villager (Male) |
| 18:44 | Build | House |
| 18:44 | Build | House |
| 18:51 | Build | Mining Camp |
| 18:58 | Create | Villager (Male) |
| 18:58 | Create | Villager (Male) |
| 18:58 | Create | Villager (Male) |
| 19:15 | Research | Heavy Plow |
| 19:21 | Build | Farm |
| 19:24 | Build | Farm |
| 19:25 | Build | Farm |
| 19:27 | Build | Farm |
| 19:28 | Create | Monk |
| 19:30 | Create | Villager (Male) |
| 19:30 | Create | Villager (Male) |
| 19:31 | Create | Villager (Male) |
| 19:43 | Build | House |
| 19:43 | Build | House |
| 19:46 | Build | Fish Trap |
| 19:49 | Build | Fish Trap |
| 19:51 | Build | Farm |
| 19:53 | Build | Farm |
Build order — Lockerz11
First 150 of 241 actions detected
| 0:01 | Create | Villager (Male) |
| 0:01 | Create | Villager (Male) |
| 0:02 | Create | Villager (Male) |
| 0:04 | Build | House |
| 0:05 | Build | House |
| 0:19 | Create | Villager (Male) |
| 1:26 | Build | Mule Cart |
| 1:33 | Create | Villager (Male) |
| 1:33 | Create | Villager (Male) |
| 2:04 | Create | Villager (Male) |
| 2:04 | Create | Villager (Male) |
| 2:04 | Create | Villager (Male) |
| 2:05 | Create | Villager (Male) |
| 2:25 | Create | Villager (Male) |
| 2:25 | Create | Villager (Male) |
| 2:26 | Create | Villager (Male) |
| 2:53 | Create | Villager (Male) |
| 2:53 | Create | Villager (Male) |
| 2:53 | Create | Villager (Male) |
| 3:22 | Research | Loom |
| 3:22 | Research | Loom |
| 3:24 | Create | Villager (Male) |
| 3:24 | Create | Villager (Male) |
| 3:45 | Create | Villager (Male) |
| 3:45 | Create | Villager (Male) |
| 4:02 | Build | House |
| 4:03 | Build | House |
| 4:09 | Create | Villager (Male) |
| 4:09 | Create | Villager (Male) |
| 4:09 | Create | Villager (Male) |
| 4:25 | Create | Villager (Male) |
| 4:25 | Create | Villager (Male) |
| 4:25 | Create | Villager (Male) |
| 4:54 | Create | Villager (Male) |
| 5:14 | Build | Mill |
| 5:15 | Create | Villager (Male) |
| 5:19 | Create | Villager (Male) |
| 5:19 | Create | Villager (Male) |
| 5:20 | Create | Villager (Male) |
| 5:25 | Research | Loom |
| 5:56 | Create | Villager (Male) |
| 5:58 | Create | Villager (Male) |
| 6:29 | Create | Villager (Male) |
| 6:30 | Create | Villager (Male) |
| 7:37 | Create | Villager (Male) |
| 7:37 | Create | Villager (Male) |
| 7:38 | Create | Villager (Male) |
| 7:55 | Build | House |
| 8:33 | Create | Villager (Male) |
| 9:06 | Build | Mule Cart |
| 9:11 | Create | Villager (Male) |
| 9:29 | Create | Villager (Male) |
| 9:40 | Create | Villager (Male) |
| 10:02 | Research | Feudal Age |
| 10:48 | Build | Mule Cart |
| 10:58 | Build | Farm |
| 11:00 | Build | Farm |
| 11:01 | Build | Farm |
| 11:02 | Build | Farm |
| 11:20 | Create | Villager (Male) |
| 12:17 | Age | Feudal Age |
| 12:19 | Build | Market |
| 12:22 | Build | Blacksmith |
| 12:40 | Create | Villager (Male) |
| 12:51 | Research | Double-Bit Axe |
| 13:06 | Research | Horse Collar |
| 13:10 | Research | Castle Age |
| 13:11 | Research | Castle Age |
| 13:28 | Build | House |
| 13:30 | Build | House |
| 13:32 | Build | House |
| 13:33 | Build | House |
| 13:35 | Build | House |
| 14:53 | Build | Farm |
| 14:56 | Build | Farm |
| 15:41 | Create | Villager (Male) |
| 15:50 | Age | Castle Age |
| 16:05 | Build | Town Center |
| 16:09 | Create | Villager (Male) |
| 16:14 | Research | Bow Saw |
| 16:17 | Research | Heavy Plow |
| 16:20 | Create | Villager (Male) |
| 16:29 | Create | Villager (Male) |
| 16:56 | Build | Town Center |
| 17:01 | Create | Villager (Male) |
| 17:07 | Build | Farm |
| 17:12 | Build | Farm |
| 17:20 | Build | Farm |
| 17:30 | Research | Wheelbarrow |
| 17:33 | Create | Villager (Male) |
| 17:39 | Build | Farm |
| 17:42 | Build | Farm |
| 17:53 | Build | Farm |
| 18:00 | Build | Farm |
| 18:01 | Create | Villager (Male) |
| 18:05 | Create | Villager (Male) |
| 18:05 | Create | Villager (Male) |
| 18:05 | Create | Villager (Male) |
| 18:11 | Build | Farm |
| 18:14 | Build | Farm |
| 18:16 | Build | Farm |
| 18:16 | Create | Villager (Male) |
| 18:16 | Create | Villager (Male) |
| 18:22 | Create | Villager (Male) |
| 18:22 | Create | Villager (Male) |
| 18:25 | Build | Farm |
| 18:29 | Build | Farm |
| 18:30 | Create | Villager (Male) |
| 18:49 | Build | Farm |
| 18:51 | Create | Villager (Male) |
| 18:51 | Create | Villager (Male) |
| 18:55 | Build | Farm |
| 18:57 | Create | Villager (Male) |
| 18:57 | Create | Villager (Male) |
| 19:03 | Build | Farm |
| 19:04 | Create | Villager (Male) |
| 19:04 | Create | Villager (Male) |
| 19:08 | Build | Farm |
| 19:09 | Create | Villager (Male) |
| 19:09 | Create | Villager (Male) |
| 19:19 | Build | Farm |
| 19:25 | Create | Villager (Male) |
| 19:25 | Create | Villager (Male) |
| 19:31 | Create | Villager (Male) |
| 19:31 | Create | Villager (Male) |
| 19:35 | Build | Farm |
| 19:38 | Build | Farm |
| 19:41 | Build | Farm |
| 19:42 | Create | Villager (Male) |
| 19:48 | Create | Villager (Male) |
| 19:48 | Create | Villager (Male) |
| 19:54 | Build | House |
| 19:56 | Build | House |
| 19:57 | Build | House |
| 20:00 | Build | House |
| 20:01 | Build | House |
| 20:02 | Create | Villager (Male) |
| 20:02 | Create | Villager (Male) |
| 20:08 | Create | Villager (Male) |
| 20:09 | Create | Villager (Male) |
| 20:22 | Create | Villager (Male) |
| 20:22 | Create | Villager (Male) |
| 20:38 | Build | Monastery |
| 20:40 | Create | Villager (Male) |
| 20:54 | Build | Farm |
| 20:58 | Build | Farm |
| 21:00 | Build | Farm |
| 21:03 | Build | Farm |
| 21:03 | Create | Villager (Male) |
| 21:06 | Create | Villager (Male) |
Build order — 云中锦书
First 150 of 236 actions detected
| 0:01 | Create | Villager (Male) |
| 0:02 | Create | Villager (Male) |
| 0:03 | Build | House |
| 0:04 | Build | House |
| 0:11 | Create | Villager (Male) |
| 0:14 | Create | Villager (Male) |
| 0:14 | Create | Villager (Male) |
| 1:25 | Create | Villager (Male) |
| 1:26 | Create | Villager (Male) |
| 1:55 | Build | Lumber Camp |
| 2:08 | Create | Villager (Male) |
| 2:09 | Create | Villager (Male) |
| 2:15 | Research | Loom |
| 2:15 | Research | Loom |
| 2:17 | Create | Villager (Male) |
| 2:17 | Create | Villager (Male) |
| 2:48 | Create | Villager (Male) |
| 3:04 | Create | Villager (Male) |
| 3:29 | Build | House |
| 3:35 | Create | Villager (Male) |
| 3:35 | Create | Villager (Male) |
| 3:50 | Create | Villager (Male) |
| 4:57 | Create | Villager (Male) |
| 5:00 | Build | Mill |
| 5:01 | Create | Villager (Male) |
| 5:01 | Create | Villager (Male) |
| 5:35 | Create | Villager (Male) |
| 5:38 | Create | Villager (Male) |
| 6:09 | Build | House |
| 6:36 | Create | Villager (Male) |
| 6:56 | Create | Villager (Male) |
| 7:22 | Create | Villager (Male) |
| 7:37 | Build | Farm |
| 7:57 | Create | Villager (Male) |
| 8:02 | Build | Farm |
| 8:18 | Create | Villager (Male) |
| 8:31 | Build | Mining Camp |
| 8:53 | Research | Feudal Age |
| 8:54 | Research | Feudal Age |
| 9:52 | Create | Villager (Male) |
| 9:58 | Build | House |
| 10:14 | Create | Villager (Male) |
| 11:03 | Age | Feudal Age |
| 12:11 | Create | Villager (Male) |
| 12:20 | Build | Blacksmith |
| 12:22 | Build | Market |
| 12:39 | Create | Villager (Male) |
| 13:01 | Create | Villager (Male) |
| 13:11 | Research | Castle Age |
| 13:32 | Research | Double-Bit Axe |
| 13:32 | Research | Double-Bit Axe |
| 13:50 | Build | House |
| 15:13 | Create | Villager (Male) |
| 15:27 | Build | Farm |
| 15:53 | Create | Villager (Male) |
| 16:09 | Age | Castle Age |
| 16:12 | Create | Villager (Male) |
| 16:16 | Build | Town Center |
| 16:22 | Build | Town Center |
| 16:25 | Create | Villager (Male) |
| 16:31 | Research | Bow Saw |
| 16:32 | Research | Bow Saw |
| 16:42 | Build | Dock |
| 17:13 | Create | Villager (Male) |
| 17:29 | Build | House |
| 17:32 | Create | Fishing Ship |
| 17:49 | Create | Villager (Male) |
| 17:55 | Build | Farm |
| 17:55 | Build | Farm |
| 17:57 | Create | Villager (Male) |
| 17:59 | Create | Villager (Male) |
| 17:59 | Create | Villager (Male) |
| 18:05 | Create | Villager (Male) |
| 18:07 | Build | House |
| 18:08 | Build | House |
| 18:14 | Build | Farm |
| 18:15 | Create | Villager (Male) |
| 18:20 | Build | Farm |
| 18:23 | Create | Villager (Male) |
| 18:41 | Build | Lumber Camp |
| 18:46 | Build | Farm |
| 18:51 | Create | Villager (Male) |
| 18:55 | Create | Villager (Male) |
| 19:01 | Build | Farm |
| 19:07 | Create | Villager (Male) |
| 19:10 | Create | Villager (Male) |
| 19:13 | Build | House |
| 19:26 | Create | Villager (Male) |
| 19:34 | Create | Villager (Male) |
| 19:41 | Create | Fishing Ship |
| 19:43 | Build | House |
| 19:44 | Build | House |
| 19:46 | Create | Villager (Male) |
| 19:53 | Build | Farm |
| 19:56 | Build | Farm |
| 19:57 | Build | Farm |
| 19:58 | Build | Farm |
| 20:00 | Build | Farm |
| 20:01 | Create | Villager (Male) |
| 20:07 | Build | Town Center |
| 20:12 | Create | Villager (Male) |
| 20:16 | Create | Fishing Ship |
| 20:23 | Build | Farm |
| 20:28 | Create | Villager (Male) |
| 20:46 | Build | Farm |
| 20:47 | Create | Villager (Male) |
| 20:54 | Build | Farm |
| 20:55 | Create | Villager (Male) |
| 21:00 | Build | House |
| 21:01 | Build | House |
| 21:06 | Create | Villager (Male) |
| 21:09 | Create | Villager (Male) |
| 21:15 | Create | Villager (Male) |
| 21:17 | Build | Farm |
| 21:23 | Create | Villager (Male) |
| 21:30 | Build | Farm |
| 21:34 | Create | Villager (Male) |
| 21:35 | Create | Villager (Male) |
| 21:41 | Build | Farm |
| 21:44 | Create | Villager (Male) |
| 21:54 | Build | Farm |
| 21:56 | Build | Farm |
| 21:57 | Build | Farm |
| 21:58 | Create | Villager (Male) |
| 22:01 | Build | Farm |
| 22:06 | Create | Villager (Male) |
| 22:09 | Create | Villager (Male) |
| 22:12 | Build | Farm |
| 22:17 | Create | Villager (Male) |
| 22:22 | Build | Farm |
| 22:24 | Build | House |
| 22:25 | Build | House |
| 22:28 | Create | Villager (Male) |
| 22:31 | Build | Farm |
| 22:37 | Build | Farm |
| 22:41 | Create | Villager (Male) |
| 22:43 | Build | Farm |
| 22:45 | Create | Villager (Male) |
| 22:47 | Create | Villager (Male) |
| 22:48 | Create | Villager (Male) |
| 22:50 | Create | Villager (Male) |
| 22:54 | Build | Farm |
| 22:56 | Create | Villager (Male) |
| 23:00 | Build | Farm |
| 23:03 | Create | Villager (Male) |
| 23:05 | Create | Villager (Male) |
| 23:12 | Create | Villager (Male) |
| 23:17 | Build | Farm |
| 23:22 | Create | Villager (Male) |
| 23:24 | Create | Villager (Male) |
Match timeline
| 1:13 | Poeta Violento IX · wall_segment Palisade Wall x6 |
| 1:16 | Poeta Violento IX · wall_segment Palisade Wall x8 |
| 1:27 | KekL_Perce1992 · wall_segment Palisade Wall x10 |
| 1:57 | Alvaro · wall_segment Palisade Wall x12 |
| 4:18 | KekL_Perce1992 · wall_segment Palisade Wall x1 |
| 4:26 | Pipin · first_building Dock |
| 5:41 | Poeta Violento IX · first_building Dock |
| 6:37 | Manu · first_building Barracks |
| 7:13 | KekL_Perce1992 · first_building Dock |
| 7:27 | KekL_Perce1992 · wall_segment Palisade Wall x1 |
| 8:19 | AJC · wall_segment Palisade Wall x1 |
| 9:28 | Poeta Violento IX · wall_segment Palisade Wall x6 |
| 9:30 | Poeta Violento IX · wall_segment Palisade Wall x2 |
| 9:31 | Poeta Violento IX · wall_segment Palisade Wall x7 |
| 10:06 | Alvaro · first_building Dock |
| 10:16 | Manu · age_up feudal |
| 11:03 | 云中锦书 · age_up feudal |
| 11:06 | Poeta Violento IX · wall_segment Palisade Wall x1 |
| 11:07 | Poeta Violento IX · wall_segment Palisade Wall x1 |
| 11:08 | Poeta Violento IX · wall_segment Palisade Wall x1 |
| 11:09 | Poeta Violento IX · wall_segment Palisade Wall x1 |
| 11:15 | AJC · first_building Dock |
| 11:16 | Pipin · age_up feudal |
| 11:35 | Poeta Violento IX · wall_segment Palisade Wall x1 |
| 11:36 | Poeta Violento IX · wall_segment Palisade Wall x1 |
| 11:37 | Poeta Violento IX · wall_segment Palisade Wall x1 |
| 11:38 | Poeta Violento IX · wall_segment Palisade Wall x1 |
| 11:42 | Poeta Violento IX · wall_segment Palisade Wall x1 |
| 11:43 | Poeta Violento IX · wall_segment Palisade Wall x1 |
| 11:44 | Poeta Violento IX · wall_segment Palisade Wall x1 |
| 11:45 | Poeta Violento IX · wall_segment Palisade Wall x1 |
| 11:46 | Poeta Violento IX · wall_segment Palisade Wall x1 |
| 11:46 | Poeta Violento IX · wall_segment Palisade Wall x1 |
| 11:47 | KekL_Perce1992 · age_up feudal |
| 11:47 | Alvaro · age_up feudal |
| 12:07 | Pipin · first_market_sell 100 wood |
| 12:14 | AJC · age_up feudal |
| 12:17 | Lockerz11 · age_up feudal |
| 12:31 | Poeta Violento IX · first_building Barracks |
| 12:44 | KekL_Perce1992 · wall_segment Stone Wall x1 |
| 12:47 | KekL_Perce1992 · wall_segment Stone Wall x9 |
| 12:50 | Poeta Violento IX · wall_segment Palisade Wall x7 |
| 12:51 | Poeta Violento IX · age_up feudal |
| 12:53 | Poeta Violento IX · wall_segment Palisade Wall x6 |
| 13:02 | Poeta Violento IX · wall_segment Stone Wall x6 |
| 13:10 | Poeta Violento IX · wall_segment Stone Wall x6 |
| 13:35 | Manu · wall_segment Palisade Wall x3 |
| 14:00 | Poeta Violento IX · wall_segment Stone Wall x1 |
| 14:01 | Poeta Violento IX · wall_segment Stone Wall x1 |
| 14:01 | Poeta Violento IX · wall_segment Stone Wall x1 |
| 14:02 | Poeta Violento IX · wall_segment Stone Wall x1 |
| 14:02 | Poeta Violento IX · wall_segment Stone Wall x1 |
| 14:03 | Poeta Violento IX · wall_segment Stone Wall x1 |
| 14:04 | Poeta Violento IX · wall_segment Stone Wall x1 |
| 14:05 | Poeta Violento IX · wall_segment Stone Wall x1 |
| 14:47 | Pipin · age_up castle |
| 15:44 | AJC · age_up castle |
| 15:50 | Lockerz11 · age_up castle |
| 16:07 | Poeta Violento IX · first_building Archery Range |
| 16:09 | 云中锦书 · age_up castle |
| 16:11 | Alvaro · age_up castle |
| 16:21 | Poeta Violento IX · wall_segment Stone Wall x1 |
| 16:21 | Poeta Violento IX · wall_segment Stone Wall x1 |
| 16:22 | Poeta Violento IX · wall_segment Stone Wall x1 |
| 16:23 | Poeta Violento IX · wall_segment Stone Wall x1 |
| 16:23 | Poeta Violento IX · wall_segment Stone Wall x1 |
| 16:24 | Poeta Violento IX · wall_segment Stone Wall x1 |
| 16:25 | Poeta Violento IX · wall_segment Stone Wall x1 |
| 16:26 | Poeta Violento IX · wall_segment Stone Wall x1 |
| 16:27 | Poeta Violento IX · wall_segment Stone Wall x1 |
| 16:27 | Poeta Violento IX · wall_segment Stone Wall x1 |
| 16:28 | Poeta Violento IX · wall_segment Stone Wall x4 |
| 16:31 | Poeta Violento IX · wall_segment Stone Wall x6 |
| 16:42 | 云中锦书 · first_building Dock |
| 17:05 | KekL_Perce1992 · age_up castle |
| 17:15 | Alvaro · first_market_buy 100 stone |
| 17:22 | Alvaro · wall_segment Stone Wall x14 |
| 17:27 | Pipin · first_building Monastery |
| 17:54 | Manu · first_building Archery Range |
| 18:04 | KekL_Perce1992 · first_building Monastery |
| 18:20 | Lockerz11 · first_market_buy 100 food |
| 19:09 | Pipin · first_market_buy 100 food |
| 19:16 | Poeta Violento IX · age_up castle |
| 19:20 | KekL_Perce1992 · first_building Siege Workshop |
| 19:40 | Poeta Violento IX · first_building Siege Workshop |
| 19:46 | AJC · first_building Monastery |
| 20:38 | Lockerz11 · first_building Monastery |
| 21:05 | KekL_Perce1992 · first_building Barracks |
| 21:12 | KekL_Perce1992 · first_building Castle |
| 21:13 | Alvaro · first_building Monastery |
| 21:19 | Manu · age_up castle |
| 21:34 | Manu · first_building Castle |
| 21:47 | Pipin · first_building Siege Workshop |
| 22:32 | Manu · first_building Siege Workshop |
| 22:33 | KekL_Perce1992 · first_building Stable |
| 23:27 | KekL_Perce1992 · first_market_buy 100 wood |
| 23:53 | Pipin · first_building Barracks |
| 24:28 | Poeta Violento IX · first_building Castle |
| 24:32 | Lockerz11 · first_market_sell 100 food |
| 24:53 | 云中锦书 · first_building Castle |
| 24:58 | Pipin · first_building Archery Range |
| 25:37 | Poeta Violento IX · resign |
| 26:05 | Manu · first_building Stable |
| 26:29 | KekL_Perce1992 · age_up imperial |
| 27:00 | Pipin · first_building Stable |
| 27:09 | Pipin · first_building Castle |
| 27:22 | Alvaro · wall_segment Stone Wall x7 |
| 27:24 | Alvaro · wall_segment Stone Wall x1 |
| 27:26 | Alvaro · wall_segment Stone Wall x1 |
| 27:28 | Alvaro · wall_segment Stone Wall x1 |
| 27:31 | Alvaro · wall_segment Stone Wall x1 |
| 27:33 | Alvaro · wall_segment Stone Wall x1 |
| 27:35 | Alvaro · wall_segment Stone Wall x1 |
| 27:41 | Lockerz11 · first_building Castle |
| 27:45 | Lockerz11 · age_up imperial |
| 28:20 | Pipin · age_up imperial |
[ AI ANALYSIS · 1 CREDIT ]
What really happened in this match?
Wolo.gg analyzes every decision: build order, eco, micro, common mistakes by bracket. Personalized analysis on WhatsApp or Discord in 30 seconds.
Civ guide
Georgians
Perfil
Jugador #248672